TOP OF THE 1ST |
New Hampshire Fisher Cats batting - Pitching for Key West Barracudas : RHP Cade Baird
|
Pitching: RHP Cade Baird
|
|
Batting: RHB Billy Campbell
|
0-0: Called Strike 0-1: Ball 1-1: Swinging Strike 1-2: Foul Ball, location: 2F 1-2: Strikes out looking
|
Batting: RHB Santiago Vallés
|
0-0: Called Strike 0-1: Swinging Strike 0-2: Strikes out looking
|
Batting: RHB Lu-fang Huie
|
0-0: Ball 1-0: Foul Ball, location: 2F 1-1: Ball 2-1: Foul Ball, location: 2F 2-2: Ball 3-2: Strikes out swinging
|
Top of the 1st over - 0 run(s), 0 hit(s), 0 error(s), 0 left on base; New Hampshire 0 - Key West 0 |
BOTTOM OF THE 1ST |
Key West Barracudas batting - Pitching for New Hampshire Fisher Cats : RHP Brandon Mitchell
|
Pitching: RHP Brandon Mitchell
|
|
Batting: RHB Victor Baker
|
0-0: Ball 1-0: Ball 2-0: SINGLE (Groundball, 6MD) (infield hit)
|
Batting: RHB Carlos Miranda
|
0-0: Foul Ball, location: 2F 0-1: Ball 1-1: Foul Ball, location: 2F 1-2: Ball 2-2: Strikes out swinging
|
Batting: RHB Kenny Cole
|
0-0: Ball 1-0: SINGLE (Line Drive, 9S) Victor Baker to second
|
Batting: LHB Arturo López
|
0-0: Fly out, F3 (Popup, 34)
|
Batting: RHB Luther Stoffels
|
0-0: Called Strike 0-1: SINGLE (Line Drive, 7S) Victor Baker to third Kenny Cole to second Runner from 3rd tries for Home, SAFE, no throw or cutoff
|
Batting: LHB Domingo Ledesma
|
0-0: Ball 1-0: Called Strike 1-1: Ball 2-1: SINGLE (Groundball, 4MD) Kenny Cole to third Luther Stoffels to second Runner from 3rd tries for Home, SAFE, no throw or cutoff
|
Batting: RHB Carlos Bravo
|
0-0: DOUBLE (Line Drive, 9LS) Luther Stoffels scores Domingo Ledesma to third Runner from 3rd tries for Home, SAFE, no throw or cutoff
|
Batting: SHB Héctor Jiménez
|
0-0: Called Strike 0-1: Ball 1-1: Foul Ball, location: 2F 1-2: Ball 2-2: Foul Ball, location: 2F 2-2: Foul Ball, location: 2F 2-2: Strikes out swinging
|
Bottom of the 1st over - 4 run(s), 5 hit(s), 0 error(s), 1 left on base; New Hampshire 0 - Key West 4 |
TOP OF THE 2ND |
New Hampshire Fisher Cats batting - Pitching for Key West Barracudas : RHP Cade Baird
|
Batting: SHB Lester Olsen
|
0-0: Ball 1-0: Foul Ball, location: 2F 1-1: Ball 2-1: Ball 3-1: Base on Balls
|
Batting: RHB Tim Robertson
|
0-0: Called Strike 0-1: Ball 1-1: Ball 2-1: Ball 3-1: Base on Balls Lester Olsen to second
|
Batting: RHB Felipe Rivas
|
0-0: Ball 1-0: Swinging Strike 1-1: Called Strike 1-2: Strikes out swinging
|
Batting: RHB Anthony Hezell
|
0-0: Ground out U3 (Groundball, 3S) Lester Olsen to third Tim Robertson to second
|
Batting: RHB Chris Parker
|
0-0: Ball 1-0: Foul Ball, location: 2F 1-1: Foul Ball, location: 2F 1-2: Foul Ball, location: 2F 1-2: Ball 2-2: Strikes out swinging
|
Top of the 2nd over - 0 run(s), 0 hit(s), 0 error(s), 2 left on base; New Hampshire 0 - Key West 4 |
BOTTOM OF THE 2ND |
Key West Barracudas batting - Pitching for New Hampshire Fisher Cats : RHP Brandon Mitchell
|
Batting: LHB Motoki Hirata
|
0-0: Called Strike 0-1: Fly out, F4 (Popup, 4MS)
|
Batting: RHB Victor Baker
|
0-0: Ball 1-0: Swinging Strike 1-1: Foul Ball, location: 2F 1-2: Ball 2-2: Ball 3-2: Foul Ball, location: 2F 3-2: Foul Ball, location: 2F 3-2: Foul Ball, location: 2F 3-2: Fly out, F8 (Flyball, 78M)
|
Batting: RHB Carlos Miranda
|
0-0: Called Strike 0-1: Called Strike 0-2: Ball 1-2: Strikes out swinging
|
Bottom of the 2nd over - 0 run(s), 0 hit(s), 0 error(s), 0 left on base; New Hampshire 0 - Key West 4 |
TOP OF THE 3RD |
New Hampshire Fisher Cats batting - Pitching for Key West Barracudas : RHP Cade Baird
|
Batting: RHB Franklin Lawrence
|
0-0: Called Strike 0-1: Ball 1-1: Fly out, F8 (Popup, 8LS)
|
Batting: RHB Billy Campbell
|
0-0: Foul Ball, location: 2F 0-1: Foul Ball, location: 2F 0-2: Foul Ball, location: 2F 0-2: Foul Ball, location: 2F 0-2: Strikes out swinging
|
Batting: RHB Santiago Vallés
|
0-0: Ground out 4-3 (Groundball, 4M)
|
Top of the 3rd over - 0 run(s), 0 hit(s), 0 error(s), 0 left on base; New Hampshire 0 - Key West 4 |
BOTTOM OF THE 3RD |
Key West Barracudas batting - Pitching for New Hampshire Fisher Cats : RHP Brandon Mitchell
|
Batting: RHB Kenny Cole
|
0-0: Foul Ball, location: 2F 0-1: Ball 1-1: Fly out, F7 (Flyball, 7D)
|
Batting: LHB Arturo López
|
0-0: Fly out, F5 (Popup, 5F)
|
Batting: RHB Luther Stoffels
|
0-0: Ball 1-0: Fly out, F8 (Flyball, 8RM)
|
Bottom of the 3rd over - 0 run(s), 0 hit(s), 0 error(s), 0 left on base; New Hampshire 0 - Key West 4 |
TOP OF THE 4TH |
New Hampshire Fisher Cats batting - Pitching for Key West Barracudas : RHP Cade Baird
|
Batting: RHB Lu-fang Huie
|
0-0: Foul Ball, location: 2F 0-1: Ball 1-1: SINGLE (Groundball, 6MD) (infield hit)
|
Batting: SHB Lester Olsen
|
0-0: Ball Lu-fang Huie steals 2nd base
|
|
|
|
1-0: Fly out, F6 (Popup, 6MD)
|
Batting: RHB Tim Robertson
|
0-0: Ground out 5-3 (Groundball, 5L)
|
Batting: RHB Felipe Rivas
|
0-0: Ball 1-0: Ball Wild Pitch! Lu-fang Huie to third 2-0: Ball 3-0: Base on Balls
|
Batting: RHB Anthony Hezell
|
0-0: Ball 1-0: Ball 2-0: Called Strike 2-1: Fly out, F8 (Flyball, 8RXD)
|
Top of the 4th over - 0 run(s), 1 hit(s), 0 error(s), 2 left on base; New Hampshire 0 - Key West 4 |
BOTTOM OF THE 4TH |
Key West Barracudas batting - Pitching for New Hampshire Fisher Cats : RHP Brandon Mitchell
|
Batting: LHB Domingo Ledesma
|
0-0: Ball 1-0: Ball 2-0: Called Strike 2-1: Ball 3-1: Base on Balls
|
Batting: RHB Carlos Bravo
|
0-0: Ball 1-0: Foul Ball, location: 2F 1-1: Ball 2-1: Ball 3-1: DOUBLE (Groundball, 5L) Domingo Ledesma to third Runner from 3rd tries for Home, SAFE, throw made home
|
Batting: SHB Héctor Jiménez
|
0-0: SINGLE (Line Drive, 5D) Carlos Bravo to third
|
Batting: LHB Motoki Hirata
|
0-0: Ball 1-0: 3-RUN HOME RUN (Flyball, 89XD), Distance : 419 ft
|
Pitching: LHP George Colgan
|
|
Batting: RHB Victor Baker
|
0-0: Called Strike 0-1: Foul Ball, location: 2F 0-2: Strikes out swinging
|
Batting: RHB Carlos Miranda
|
0-0: Ball 1-0: Foul Ball, location: 2F 1-1: Swinging Strike 1-2: Ball 2-2: Foul Ball, location: 2F 2-2: Foul Ball, location: 2F 2-2: Strikes out swinging
|
Batting: RHB Kenny Cole
|
0-0: SINGLE (Line Drive, 7LS)
|
Batting: LHB Arturo López
|
0-0: Ball 1-0: Ground out 4-3 (Groundball, 34)
|
Bottom of the 4th over - 4 run(s), 4 hit(s), 0 error(s), 1 left on base; New Hampshire 0 - Key West 8 |
TOP OF THE 5TH |
New Hampshire Fisher Cats batting - Pitching for Key West Barracudas : RHP Cade Baird
|
Batting: RHB Chris Parker
|
Single, Error in OF, E9, batter to second base
|
Batting: RHB Franklin Lawrence
|
0-0: Ball 1-0: Ground out 4-3 (Groundball, 4) Chris Parker to third
|
Batting: RHB Billy Campbell
|
0-0: Called Strike 0-1: Called Strike 0-2: Ball 1-2: Foul Ball, location: 2F 1-2: Ball 2-2: Strikes out swinging
|
Batting: RHB Santiago Vallés
|
0-0: Called Strike 0-1: Foul Ball, location: 2F 0-2: Ball 1-2: Ground out 4-3 (Groundball, 4)
|
Top of the 5th over - 0 run(s), 1 hit(s), 1 error(s), 1 left on base; New Hampshire 0 - Key West 8 |
BOTTOM OF THE 5TH |
Key West Barracudas batting - Pitching for New Hampshire Fisher Cats : LHP George Colgan
|
Batting: RHB Luther Stoffels
|
0-0: Foul Ball, location: 2F 0-1: Called Strike 0-2: Ball 1-2: Ground out 5-3 (Groundball, 5)
|
Batting: LHB Domingo Ledesma
|
0-0: Ball 1-0: SINGLE (Groundball, 3L)
|
Batting: RHB Carlos Bravo
|
0-0: Reached on error, E1 (Groundball, 15S) Domingo Ledesma to second
|
Batting: SHB Héctor Jiménez
|
0-0: Ball 1-0: Ball 2-0: Called Strike 2-1: Foul Ball, location: 2F 2-2: Strikes out swinging
|
Batting: LHB Motoki Hirata
|
0-0: Ball 1-0: Called Strike 1-1: Foul Ball, location: 2F 1-2: Strikes out swinging
|
Bottom of the 5th over - 0 run(s), 1 hit(s), 1 error(s), 2 left on base; New Hampshire 0 - Key West 8 |
TOP OF THE 6TH |
New Hampshire Fisher Cats batting - Pitching for Key West Barracudas : RHP Cade Baird
|
Batting: RHB Lu-fang Huie
|
0-0: SOLO HOME RUN (Flyball, 7D), Distance : 415 ft
|
Batting: SHB Lester Olsen
|
0-0: Swinging Strike 0-1: Foul Ball, location: 2F 0-2: Foul Ball, location: 2F 0-2: Strikes out looking
|
Batting: RHB Tim Robertson
|
0-0: Fly out, F8 (Line Drive, 8RS)
|
Batting: RHB Felipe Rivas
|
0-0: Ball 1-0: Swinging Strike 1-1: Ball 2-1: Ball 3-1: Foul Ball, location: 2F 3-2: Strikes out swinging
|
Top of the 6th over - 1 run(s), 1 hit(s), 0 error(s), 0 left on base; New Hampshire 1 - Key West 8 |
BOTTOM OF THE 6TH |
Key West Barracudas batting - Pitching for New Hampshire Fisher Cats : LHP George Colgan
|
Batting: RHB Victor Baker
|
0-0: Foul Ball, location: 2F 0-1: Ball 1-1: Swinging Strike 1-2: Ball 2-2: Ball 3-2: Base on Balls
|
Batting: RHB Carlos Miranda
|
0-0: Grounds into double play, 4-6-3 (Groundball, 4)
|
Batting: RHB Kenny Cole
|
0-0: Ball 1-0: Swinging Strike 1-1: Ground out 5-3 (Groundball, 56S)
|
Bottom of the 6th over - 0 run(s), 0 hit(s), 0 error(s), 0 left on base; New Hampshire 1 - Key West 8 |
TOP OF THE 7TH |
New Hampshire Fisher Cats batting - Pitching for Key West Barracudas : RHP Cade Baird
|
Batting: RHB Anthony Hezell
|
0-0: Called Strike 0-1: Ball 1-1: Swinging Strike 1-2: Hit by Pitch
|
Batting: RHB Chris Parker
|
0-0: Fly out, F8 (Flyball, 8RD)
|
Batting: RHB Franklin Lawrence
|
0-0: Ball 1-0: SINGLE (Groundball, 56D) Anthony Hezell to second
|
Batting: RHB Billy Campbell
|
0-0: Foul Ball, location: 2F 0-1: Called Strike 0-2: Ball 1-2: Ball 2-2: Ball 3-2: Strikes out swinging
|
Pitching: RHP Neal Dillard
|
|
Batting: RHB Santiago Vallés
|
0-0: Swinging Strike 0-1: Called Strike 0-2: Strikes out swinging
|
Top of the 7th over - 0 run(s), 1 hit(s), 0 error(s), 2 left on base; New Hampshire 1 - Key West 8 |
BOTTOM OF THE 7TH |
Key West Barracudas batting - Pitching for New Hampshire Fisher Cats : LHP George Colgan
|
Batting: LHB Arturo López
|
0-0: Ball 1-0: Ball 2-0: Called Strike 2-1: Ball 3-1: Base on Balls
|
Pitching: LHP Steve Paredes
|
|
Batting: RHB Luther Stoffels
|
0-0: Ball 1-0: Swinging Strike 1-1: Ball 2-1: Ball 3-1: Base on Balls Arturo López to second
|
Batting: LHB Domingo Ledesma
|
0-0: Called Strike 0-1: Ball 1-1: Ball 2-1: Sac Bunt - play at first, batter OUT! 2-4 Arturo López to third Luther Stoffels to second
|
Batting: RHB Carlos Bravo
|
0-0: Called Strike 0-1: Ball 1-1: Ground out 6-3 (Groundball, 6) Arturo López scores Luther Stoffels to third
|
Batting: SHB Héctor Jiménez
|
0-0: Called Strike 0-1: Ball 1-1: Ball 2-1: Foul Ball, location: 2F 2-2: Fly out, F8 (Flyball, 8LM)
|
Bottom of the 7th over - 1 run(s), 0 hit(s), 0 error(s), 1 left on base; New Hampshire 1 - Key West 9 |
TOP OF THE 8TH |
New Hampshire Fisher Cats batting - Pitching for Key West Barracudas : RHP Neal Dillard
|
Now at 2B: Richard Sanders
|
|
Batting: RHB Lu-fang Huie
|
0-0: Foul Ball, location: 2F 0-1: Ball 1-1: Swinging Strike 1-2: Ball 2-2: Strikes out looking
|
Batting: SHB Lester Olsen
|
0-0: Called Strike 0-1: SINGLE (Groundball, 34D)
|
Batting: RHB Tim Robertson
|
0-0: Ball 1-0: Ball 2-0: Ball 3-0: Called Strike 3-1: SINGLE (Line Drive, 9LS) Lester Olsen to second
|
Batting: RHB Felipe Rivas
|
0-0: Ball 1-0: Ball 2-0: Called Strike 2-1: Ball 3-1: Foul Ball, location: 2F 3-2: Base on Balls Lester Olsen to third Tim Robertson to second
|
Batting: RHB Anthony Hezell
|
0-0: Ball 1-0: Grounds into fielders choice 1-2 (Groundball, 23) Tim Robertson to third Felipe Rivas to second
|
Batting: RHB Chris Parker
|
0-0: Ball 1-0: Foul Ball, location: 2F 1-1: Ball 2-1: Foul Ball, location: 2F 2-2: Fielders Choice at 2nd, U6 (Groundball, 6M)
|
Top of the 8th over - 0 run(s), 2 hit(s), 0 error(s), 3 left on base; New Hampshire 1 - Key West 9 |
BOTTOM OF THE 8TH |
Key West Barracudas batting - Pitching for New Hampshire Fisher Cats : LHP Steve Paredes
|
Pitching: LHP Roberto Ontiveros
|
|
Batting: LHB Motoki Hirata
|
0-0: Ball 1-0: Fly out, F2 (Popup, 2LF)
|
Batting: RHB Victor Baker
|
0-0: Called Strike 0-1: DOUBLE (Line Drive, 78M)
|
Batting: RHB Carlos Miranda
|
0-0: Called Strike Throwing error on steal attempt, E2 Victor Baker scores 0-1: Foul Ball, location: 2F 0-2: Strikes out swinging
|
Batting: RHB Kenny Cole
|
0-0: Ball 1-0: Ball 2-0: Ball 3-0: Called Strike 3-1: Base on Balls
|
Batting: LHB Arturo López
|
0-0: Ball 1-0: Ground out 4-3 (Groundball, 4)
|
Bottom of the 8th over - 1 run(s), 1 hit(s), 1 error(s), 1 left on base; New Hampshire 1 - Key West 10 |
TOP OF THE 9TH |
New Hampshire Fisher Cats batting - Pitching for Key West Barracudas : RHP Neal Dillard
|
Now at 1B: Jake Wells
|
|
Now at SS: Rodney Birling
|
|
Batting: RHB Franklin Lawrence
|
0-0: Called Strike 0-1: Foul Ball, location: 2F 0-2: DOUBLE (Groundball, 5L)
|
Batting: RHB Billy Campbell
|
0-0: Swinging Strike 0-1: Foul Ball, location: 2F 0-2: Ball 1-2: Ball 2-2: Strikes out swinging
|
Batting: RHB Santiago Vallés
|
0-0: Swinging Strike 0-1: Swinging Strike 0-2: Ball 1-2: Foul Ball, location: 2F 1-2: Strikes out swinging
|
Batting: RHB Lu-fang Huie
|
0-0: Foul Ball, location: 2F 0-1: Ball 1-1: Ball 2-1: Swinging Strike 2-2: Ball 3-2: Ground out 6-3 (Groundball, 6)
|
Top of the 9th over - 0 run(s), 1 hit(s), 0 error(s), 1 left on base; New Hampshire 1 - Key West 10 |
|
|